 Dungeon Crawl Stone Soup version 0.23.0 (webtiles) character file.

Game seed: 17428336319559426159

51166 Nygeryga the Bludgeoner (level 14, -3/135 HPs)
             Began as a Minotaur Fighter on Feb 10, 2019.
             Was the Champion of Okawaru.
             Killed by divine providence
             ... invoked by an orc priest
              (11 damage)
             ... on level 2 of the Orcish Mines.
             The game lasted 01:07:45 (20814 turns).

Nygeryga the Bludgeoner (Minotaur Fighter)         Turns: 20814, Time: 01:07:46

Health: -3/135     AC: 20    Str: 25    XL:     14   Next: 22%
Magic:  19/19      EV: 15    Int: 10    God:    Okawaru [******]
Gold:   1507       SH: 12    Dex: 15    Spells: 13/13 levels left

rFire    . . .     SeeInvis .   g - +8 morningstar of the Eternal Warrior {speed, MR++ Int+5 Dex+4}
rCold    . . .     Gourm    .   z - +0 shield (curse)
rNeg     . . .     Faith    .   s - +0 plate armour
rPois    .         Spirit   .   (helmet restricted)
rElec    .         Reflect  .   Q - +0 cloak {MR+}
rCorr    .         Harm     .   (no gloves)
MR       +++++                  y - +2 pair of boots
Stlth    ..........             (no amulet)
HPRegen  0.32/turn              u - +5 ring of evasion
MPRegen  0.16/turn              v - ring of protection from magic

@: very slightly contaminated
A: retaliatory headbutt, horns 2
a: Heroism, Finesse, Renounce Religion


You were on level 2 of the Orcish Mines.
You worshipped Okawaru.
Okawaru was exalted by your worship.
You were not hungry.

You visited 4 branches of the dungeon, and saw 21 of its levels.
You also visited: Bailey and Gauntlet.

You collected 1738 gold pieces.
You spent 231 gold pieces at shops.

Inventory:

Hand Weapons
 e - the +7 dire flail "Muvergh" {crush, rElec}
   (Okawaru gifted it to you on level 5 of the Lair of Beasts)

   It inflicts extra damage upon your enemies.
   It insulates you from electricity.
 g - the +8 morningstar of the Eternal Warrior (weapon) {speed, MR++ Int+5 Dex+4}
   (You found it on level 6 of the Lair of Beasts)

   Attacks with this weapon are significantly faster.
   It affects your intelligence (+5).
   It affects your dexterity (+4).
   It affects your resistance to hostile enchantments.
 m - a +6 dire flail of draining
 U - a +9 blowgun
Armour
 s - a +0 plate armour (worn)
 y - a +2 pair of boots (worn)
 z - a cursed +0 shield (worn)
 P - a +1 ring mail of fire resistance
 Q - a +0 cloak of magic resistance (worn)
Jewellery
 u - a +5 ring of evasion (left hand)
 v - a ring of protection from magic (right hand)
 B - an uncursed ring of see invisible
 C - an uncursed ring of poison resistance {unknown}
 S - the ring of Midacepo {rF+ rC+}
   (You took it off a minotaur in a Gauntlet)

   [ring of protection from fire]

   It protects you from fire.
   It protects you from cold.
 W - an uncursed ring of positive energy {unknown}
 X - an uncursed ring of wizardry {unknown}
Wands
 c - a wand of clouds (6)
 d - a wand of polymorph (6)
 w - a wand of iceblast (20)
 J - a wand of enslavement (10)
 K - a wand of acid (5)
 L - a wand of digging (4)
 V - a wand of paralysis (10)
Scrolls
 a - a scroll of summoning {unknown}
 i - 13 scrolls of remove curse
 p - a scroll of immolation
 A - 2 scrolls of identify
 D - a scroll of magic mapping
 E - 2 scrolls of amnesia
 F - a scroll of fear
 I - a scroll of torment {unknown}
 M - 4 scrolls of fog
 O - 4 scrolls of vulnerability {unknown}
 R - a scroll of enchant armour
Potions
 b - a potion of haste
 h - 2 potions of invisibility
 j - 6 potions of mutation
 k - 2 potions of resistance
 n - a potion of brilliance
 o - 2 potions of flight
 q - 6 potions of cancellation
 r - 8 potions of curing
 t - 2 potions of agility
 x - a potion of ambrosia
 H - a potion of heal wounds
 N - a potion of magic {unknown}
Miscellaneous
 T - a phantom mirror
 Y - a lamp of fire
Comestibles
 f - 18 rations


   Skills:
 - Level 15.1 Fighting
 - Level 16.0 Maces & Flails
 - Level 12.6 Armour
 - Level 7.4 Dodging
 * Level 9.4 Shields
 - Level 8.0 Invocations
 - Level 2.3 Evocations


You had 13 spell levels left.
You didn't know any spells.
Your spell library contained the following spells:

 Spells                   Type           Power        Failure   Level  Hunger
 Apportation              Tloc           #.....       100%        1    ##.....
 Beastly Appendage        Tmut           #.....       100%        1    ##.....
 Corona                   Hex            #......      100%        1    ##.....
 Magic Dart               Conj           #...         100%        1    ##.....
 Sandblast                Erth           #.....       100%        1    ##.....
 Summon Butterflies       Summ           #.......     100%        1    ##.....
 Blink                    Tloc           N/A          100%        2    ###....
 Call Imp                 Summ           #.......     100%        2    ###....
 Ensorcelled Hibernation  Hex/Ice        #.....       100%        2    ###....
 Passwall                 Tmut/Erth      #.......     100%        2    ###....
 Slow                     Hex            #.......     100%        2    ###....
 Sticks to Snakes         Tmut           #.......     100%        2    ###....
 Confuse                  Hex            #.......     100%        3    ####...
 Conjure Flame            Conj/Fire      #.......     100%        3    ####...
 Dazzling Spray           Conj/Hex       #.....       100%        3    ####...
 Lesser Beckoning         Tloc           #.........   100%        3    ####...
 Mephitic Cloud           Conj/Pois/Air  #.......     100%        3    ####...
 Recall                   Summ/Tloc      N/A          100%        3    ####...
 Spider Form              Tmut/Pois      #.........   100%        3    ####...
 Stone Arrow              Conj/Erth      #.....       100%        3    ####...
 Tukima's Dance           Hex            #.......     100%        3    ####...
 Ice Form                 Ice/Tmut       #.......     100%        4    #####..
 Petrify                  Tmut/Erth      #.......     100%        4    #####..
 Alistair's Intoxication  Tmut/Pois      #.......     100%        5    ######.
 Aura of Abjuration       Summ           #.........   100%        5    ######.
 Blade Hands              Tmut           #.........   100%        5    ######.
 Lee's Rapid Deconstruct  Erth           #.........   100%        5    ######.
 Summon Demon             Summ           #.........   100%        5    ######.
 Summon Forest            Summ/Tloc      #.........   100%        5    ######.
 Summon Mana Viper        Hex/Summ       #.......     100%        5    ######.
 Invisibility             Hex            #.......     100%        6    #######
 Shadow Creatures         Summ           N/A          100%        6    #######


Dungeon Overview and Level Annotations

Branches:
Dungeon (12/15)            Temple (1/1) D:6            Lair (6/6) D:11
  Swamp (0/4) Lair:2       Spider (0/4) Lair:2        Slime (0/5) Lair:5
    Orc (2/2) D:10            Elf (0/3) Orc:2

Altars:
Ashenzari
Cheibriados
Dithmenos
Elyvilon
Fedhas
Gozag
Hepliaklqana
Kikubaaqudgha
Makhleb
Nemelex Xobeh
Okawaru
Qazlal
Ru
Sif Muna
Trog
Uskayaw
Vehumet
Wu Jian
Xom
Yredelemnul
Zin
The Shining One
Jiyva
Lugonu

Shops:
D:4 *   D:5 =   D:7 %   D:9 ?

Portals:
Trove: D:10 (give 7 scrolls of blinking)

Annotations:
D:9 1 runed translucent door, ciphuk's ghost, novice NaGl
D:12 Rupert
Lair:2 3 runed translucent doors, exclusions: downstairs and 2 oklob plants, Duaji's ghost, journeyman GrFi
Lair:5 1 runed translucent door


Innate Abilities, Weirdness & Mutations

You reflexively headbutt those who attack you in melee.
You have a pair of horns on your head.


Message History

* * * LOW HITPOINT WARNING * * *
The soul eater disappears in a puff of smoke!
An orc priest comes into view. It is wielding a +0 hand axe.
The orc priest shouts!
The orc high priest prays to Beogh.
The orange demon disappears in a puff of smoke!
The orc priest looks braver for a moment.
Things that are here:
a +0 chain mail; a +0 glaive You block the orc priest's attack.
Things that are here:
a +0 robe; a +0 dagger
There is a stone staircase leading up, spattered with blood here.
You see here 6 tomahawks.
The orc high priest invokes the aid of Beogh against you.
Beogh smites you!
* * * LOW HITPOINT WARNING * * *
The orc priest invokes the aid of Beogh against you.
Beogh smites you!
You die...

.....o..>.....
....#####..
.#.........# .... o.
#.#.....3.## ... #.
...#.......# o #
#..#.....o#### #
#........o.#.#####.#
......^#...3..##.#.#
....####........[..#
......##......)o@#.#
......###.....[[)# #
.......#.#......##
......#........##
.....#........##
#.........#..##
##.......[####
##........#
###......)#####


You could see a soul eater, an orc high priest, an orc priest and an orc wizard.

Vanquished Creatures
  Gastronok (D:8)
  A minotaur (Gauntlet)
  4 hydras
  Fannar (Lair:3)
  3 catoblepae (Lair:6)
  4 two-headed ogres
  11 death yaks
  A sixfirhy (Gauntlet)
  An obsidian statue (Gauntlet)
  Pikel (D:4)
  An orc knight (Orc:1)
  An ugly thing (D:11)
  2 manticores (Lair:6)
  2 orc sorcerers (Orc:2)
  4 black mambas
  A centaur zombie (D:10)
  5 elephants (Lair:4)
  A torpor snail (Lair:6)
  5 spiny frogs
  4 komodo dragons
  A rime drake (Lair:1)
  6 trolls
  A polar bear (Lair:4)
  A hornet (D:7)
  17 blink frogs
  3 bog bodies (Lair:2)
  A meliai zombie (D:12)
  7 hippogriffs
  A wyvern (Lair:4)
  2 redbacks (Lair:2)
  36 yaks
  3 basilisks
  2 hungry ghosts
  Grum (D:11)
  4 vampire mosquitoes
  Edmund (D:6)
  A warg (Orc:1)
  6 swamp worms
  11 water moccasins
  3 porcupines
  3 ice beasts
  2 black bears
  14 orc warriors
  4 sky beasts
  2 necrophages
  4 phantoms
  An eye of draining (D:8)
  4 ogres
  3 wolves (D:11)
  5 centaurs
  5 crocodiles
  3 big kobolds
  5 bullfrogs
  2 scorpions
  A water moccasin skeleton (D:7)
  4 killer bees (D:9)
  3 troll zombies (D:10)
  8 wights
  An electric eel (Lair:2)
  3 howler monkeys
  2 lava snakes
  A bullfrog zombie (D:9)
  2 crimson imps
  7 hounds
  3 jellies
  2 bullfrog skeletons (D:5)
  2 iguanas
  15 orc priests
  13 orc wizards
  2 centaur skeletons (D:7)
  8 worker ants
  A killer bee zombie (D:8)
  3 ogre zombies (D:10)
  A hound skeleton (D:11)
  3 gnolls (D:6)
  10 adders
  A howler monkey skeleton (D:2)
  3 ufetubi (Gauntlet)
  An ooze (D:2)
  An adder zombie (D:9)
  An adder skeleton (D:5)
  A worm (D:4)
  2 dart slugs (D:1)
  A leopard gecko (D:1)
  43 orcs
  10 bats
  4 giant cockroaches
  2 gnoll zombies (D:5)
  6 hobgoblins
  11 jackals
  4 quokkas
  A ball python (D:1)
  7 frilled lizards
  8 goblins
  A goblin skeleton (D:10)
  2 hobgoblin zombies (D:10)
  16 kobolds
  A leopard gecko skeleton (D:6)
  A leopard gecko zombie (D:5)
  2 orc skeletons (D:10)
  14 orc zombies (D:10)
  A quokka zombie (D:10)
  14 rats
  A fungus (Lair:5)
474 creatures vanquished.

Vanquished Creatures (others)
  A quokka (D:4)
  3 fungi
  3 plants
  2 withered plants (D:9)
9 creatures vanquished.

Grand Total: 483 creatures vanquished

Notes
Turn   | Place    | Note
-------+----------+-------------------------------------------
     0 | D:1      | Nygeryga the Minotaur Fighter began the quest for the Orb.
     0 | D:1      | Reached XP level 1. HP: 19/19 MP: 0/0
    88 | D:1      | Reached XP level 2. HP: 26/27 MP: 1/1
    97 | D:1      | Reached skill level 3 in Maces & Flails
   380 | D:1      | Reached XP level 3. HP: 33/34 MP: 2/2
   838 | D:2      | Reached skill level 4 in Maces & Flails
  1076 | D:2      | Reached XP level 4. HP: 40/41 MP: 3/3
  2181 | D:4      | Found a basalt altar of Yredelemnul.
  2224 | D:4      | Reached skill level 5 in Maces & Flails
  2308 | D:4      | Noticed an ogre
  2315 | D:4      | Killed an ogre
  2315 | D:4      | Reached skill level 6 in Maces & Flails
  2315 | D:4      | Reached XP level 5. HP: 43/47 MP: 4/4
  2420 | D:4      | Noticed Pikel
  2420 | D:4      | Noticed a slave
  2420 | D:4      | Noticed a slave
  2420 | D:4      | Noticed a slave
  2420 | D:4      | Noticed a slave
  2447 | D:4      | Killed Pikel
  2447 | D:4      | Reached skill level 5 in Fighting
  2447 | D:4      | Reached skill level 9 in Maces & Flails
  2447 | D:4      | Reached XP level 6. HP: 38/56 MP: 5/5
  2447 | D:4      | Reached XP level 7. HP: 42/61 MP: 6/6
  2731 | D:4      | Found Jeb Rajej's Assorted Antiques.
  2734 | D:4      | Bought a lumpy white potion for 21 gold pieces
  3086 | D:5      | Entered Level 5 of the Dungeon
  3116 | D:5      | Found a blossoming altar of Fedhas.
  3127 | D:5      | Found Xap Moim's Jewellery Shoppe.
  3207 | D:5      | Reached skill level 10 in Maces & Flails
  3325 | D:5      | Reached XP level 8. HP: 64/70 MP: 7/7
  3572 | D:5      | Found a basalt altar of Yredelemnul.
  3890 | D:6      | Reached skill level 11 in Maces & Flails
  3929 | D:6      | Found a hazy altar of Hepliaklqana.
  4085 | D:6      | Found a staircase to the Ecumenical Temple.
  4103 | Temple   | Entered the Ecumenical Temple
  4197 | Temple   | Became a worshipper of Warmaster Okawaru
  4520 | D:6      | Noticed Edmund
  4521 | D:6      | Found a deep blue altar of Sif Muna.
  4536 | D:6      | Killed Edmund
  4536 | D:6      | Reached skill level 12 in Maces & Flails
  4556 | D:6      | Found a shimmering altar of Xom.
  4557 | D:6      | Found a burning altar of Makhleb.
  4558 | D:6      | Found a hide-covered altar of Uskayaw.
  4560 | D:6      | Found a bloodstained altar of Trog.
  4561 | D:6      | Found a shattered altar of Ashenzari.
  4655 | D:7      | Reached skill level 1 in Invocations
  4713 | D:7      | Noticed a hornet
  4719 | D:7      | Killed a hornet
  4725 | D:7      | Found Voiruir's Food Shop.
  5132 | D:7      | Reached XP level 9. HP: 75/75 MP: 9/9
  5277 | D:7      | Reached * piety under Okawaru
  5427 | D:7      | Found a glowing silver altar of Zin.
  5734 | D:8      | Noticed Gastronok
  5763 | D:8      | Killed Gastronok
  5763 | D:8      | Reached ** piety under Okawaru
  5763 | D:8      | Reached *** piety under Okawaru
  5763 | D:8      | Reached skill level 14 in Maces & Flails
  5763 | D:8      | Reached skill level 5 in Armour
  5908 | D:8      | Reached XP level 10. HP: 85/86 MP: 10/10
  5930 | D:8      | Found a stormy altar of Qazlal.
  6033 | D:8      | Found a flagged portal.
  6132 | Bailey   | Entered a bailey
  6132 | Bailey   | Noticed an orc knight
  6143 | Bailey   | Noticed an orc knight
  6353 | D:8      | Reached **** piety under Okawaru
  6353 | D:8      | Received a gift from Okawaru
  6373 | D:8      | Noticed a two-headed ogre
  6382 | D:8      | Killed a two-headed ogre
  6708 | D:8      | Reached skill level 1 in Dodging
  7098 | D:8      | Reached skill level 10 in Fighting
  7275 | D:9      | Found a runed translucent door.
  7275 | D:9      | Noticed ciphuk's ghost (novice NaGl)
  7392 | D:9      | Reached ***** piety under Okawaru
  7397 | D:9      | Found Huowioff's Magic Scroll Emporium.
  7406 | D:9      | Bought a scroll of blinking for 105 gold pieces
  7406 | D:9      | Bought a scroll of enchant armour for 105 gold pieces
  7730 | D:9      | Reached XP level 11. HP: 79/101 MP: 11/11
  8241 | D:9      | Got a crystal great mace
  8242 | D:9      | Identified the +2 great mace "Viseqa" {flame, rPois rC+
                  | Int-5 Dex+4} (You found it on level 9 of the Dungeon)
  8268 | D:10     | Entered Level 10 of the Dungeon
  8378 | D:10     | Found a portal to a secret trove of treasure.
  8552 | D:10     | Found a staircase to the Orcish Mines.
  8944 | D:10     | Noticed a two-headed ogre
  8951 | D:10     | Killed a two-headed ogre
  9148 | Orc:1    | Entered Level 1 of the Orcish Mines
  9419 | Orc:1    | Reached skill level 10 in Armour
  9667 | D:11     | Reached skill level 5 in Dodging
  9775 | D:11     | Found a staircase to the Lair.
  9796 | D:11     | Noticed Grum
  9800 | D:11     | Killed Grum
  9800 | D:11     | Reached ****** piety under Okawaru
  9922 | D:11     | Noticed a two-headed ogre
  9936 | D:11     | Killed a two-headed ogre
  9936 | D:11     | Received a gift from Okawaru
 10182 | D:12     | Noticed a six-headed hydra
 10321 | Lair:1   | Entered Level 1 of the Lair of Beasts
 11096 | Lair:1   | Received a gift from Okawaru
 11096 | Lair:1   | Reached XP level 12. HP: 113/113 MP: 12/12
 11325 | Lair:2   | Found a runed translucent gate.
 11325 | Lair:2   | Found a runed translucent gate.
 11325 | Lair:2   | Noticed an 11-headed hydra
 11326 | Lair:2   | Noticed Duaji's ghost (journeyman GrFi)
 11327 | Lair:2   | Found a runed translucent gate.
 11327 | Lair:2   | Noticed a nine-headed hydra
 11398 | Lair:2   | Found a hole to the Spider Nest.
 11528 | Lair:2   | Paralysed by a floating eye for 3 turns
 11788 | Lair:2   | Found a staircase to the Swamp.
 11792 | Lair:2   | Received a gift from Okawaru
 12048 | Lair:3   | Found a gate leading to a gauntlet.
 12272 | Gauntlet | Entered a Gauntlet
 12272 | Gauntlet | Found a transporter.
 12272 | Gauntlet | Found a transporter.
 12272 | Gauntlet | Found a transporter.
 12274 | Gauntlet | Found a transporter.
 12278 | Gauntlet | Found a transporter.
 12283 | Gauntlet | Found a transporter.
 12287 | Gauntlet | Found a transporter.
 12288 | Gauntlet | Found a transporter.
 12289 | Gauntlet | Found a transporter.
 12291 | Gauntlet | Found a transporter.
 12298 | Gauntlet | Found a transporter.
 12298 | Gauntlet | Found a transporter.
 12690 | Gauntlet | Got a warped silver ring
 12691 | Gauntlet | Identified the ring "Amuriv" {rF+ MP+9 Int-3 Stlth+} (You
                  | found it in a Gauntlet)
 12732 | Gauntlet | Identified the ring of Midacepo {rF+ rC+}
 12732 | Gauntlet | Noticed a minotaur
 12745 | Gauntlet | Killed a minotaur
 13104 | Lair:3   | Noticed Fannar
 13118 | Lair:3   | Killed Fannar
 13238 | Lair:3   | Noticed an eight-headed hydra
 13239 | Lair:3   | Noticed an eight-headed hydra
 13746 | Lair:3   | Killed an eight-headed hydra
 13746 | Lair:3   | Reached skill level 5 in Invocations
 14101 | Lair:3   | Killed an eight-headed hydra
 15014 | Lair:4   | Reached skill level 15 in Fighting
 15028 | Lair:4   | Reached XP level 13. HP: 104/126 MP: 13/16
 15202 | Lair:5   | Received a gift from Okawaru
 15724 | Lair:5   | Found a runed translucent door.
 15724 | Lair:5   | Found a viscous altar of Jiyva.
 15725 | Lair:5   | Noticed an azure jelly
 15727 | Lair:5   | Noticed an azure jelly
 15730 | Lair:5   | Found a staircase to the Slime Pits.
 15730 | Lair:5   | Noticed an azure jelly
 15731 | Lair:5   | Noticed an azure jelly
 16226 | Lair:6   | Entered Level 6 of the Lair of Beasts
 16248 | Lair:5   | Received a gift from Okawaru
 16540 | Lair:5   | Got a sapphire dire flail {god gift}
 16550 | Lair:6   | Got a steaming morningstar
 16551 | Lair:6   | Identified the +7 dire flail "Muvergh" {crush, rElec}
                  | (Okawaru gifted it to you on level 5 of the Lair of Beasts)
 16552 | Lair:6   | Identified the +8 morningstar of the Eternal Warrior
                  | {speed, MR++ Int+5 Dex+4} (You found it on level 6 of the
                  | Lair of Beasts)
 17478 | Lair:6   | Reached skill level 15 in Maces & Flails
 17684 | Lair:6   | Reached skill level 5 in Shields
 18259 | Lair:6   | Received a gift from Okawaru
 18259 | Lair:6   | Reached skill level 16 in Maces & Flails
 18988 | D:11     | Reached XP level 14. HP: 110/135 MP: 19/19
 19337 | D:12     | Noticed Rupert
 19477 | Orc:2    | Entered Level 2 of the Orcish Mines
 19570 | Orc:2    | Found a staircase to the Elven Halls.
 20814 | Orc:2    | Killed from afar by an orc priest

Skill      XL: |  1  2  3  4  5  6  7  8  9 10 11 12 13 14 |
---------------+-------------------------------------------+-----
Fighting       | 4 5 6 7 10 12 15 | 15.1
Maces & Flails | 3 4 6 9 10 12 14 16 | 16.0
Invocations    | 2 6 8 |  8.0
Evocations     | 2 |  2.3
Armour         | 5 9 11 12 | 12.6
Dodging        | 3 6 7 |  7.4
Shields        | 6 9 |  9.4

Action                   |  1- 3 |  4- 6 |  7- 9 | 10-12 | 13-15 || total
-------------------------+-------+-------+-------+-------+-------++-------
Melee: Flail             |   103 |    87 |     2 |       |       ||   192
       Headbutt          |    14 |    15 |    43 |   117 |   100 ||   289
       Whip              |       |       |   136 |       |       ||   136
       Dire flail        |       |       |    56 |   639 |    59 ||   754
       Morningstar       |       |       |       |       |   339 ||   339
Invok: Heroism           |       |       |       |    11 |     3 ||    14
       Finesse           |       |       |       |     4 |       ||     4
  Use: Scroll            |       |     8 |     8 |    13 |     7 ||    36
       Potion            |       |     1 |     1 |     3 |       ||     5
  Eat: Chunk             |     1 |     4 |     8 |    21 |    15 ||    49
       Ration            |       |       |     1 |     2 |     1 ||     4
Armor: Scale mail        |    48 |     7 |       |       |       ||    55
       Plate armour      |       |    52 |    44 |   292 |   142 ||   530
Dodge: Dodged            |    39 |    25 |    53 |   436 |   170 ||   723
Block: Shield            |    57 |    47 |    34 |       |   141 ||   279
